 Dungeon Crawl Stone Soup version 0.21-a0-278-ga722497 (webtiles) character file.

46 AvylaarBelgium the Magician (level 3, -1/19 HPs)
             Began as a Deep Elf Fire Elementalist on Sept 21, 2017.
             Killed from afar by an orc wizard (7 damage)
             ... with a magic dart
             ... on level 2 of the Dungeon.
             The game lasted 00:02:44 (1091 turns).

AvylaarBelgium the Magician (DEFE)                  Turns: 1091, Time: 00:02:45

Health: -1/19      AC:  2    Str:  5    XL:     3   Next: 46%
Magic:  1/10       EV: 13    Int: 20    God:
Gold:   104        SH:  0    Dex: 15    Spells: 9/10 levels left

rFire    . . .     SeeInvis .   g - +0 short sword
rCold    . . .     Gourm    .   (no shield)
rNeg     . . .     Faith    .   a - +0 robe
rPois    .         Spirit   .   (no helmet)
rElec    .         Reflect  .   (no cloak)
rCorr    .         Harm     .   (no gloves)
MR       .....                  (no boots)
Stlth    ++........             (no amulet)
HPRegen  0.06/turn              (no ring)
MPRegen  0.12/turn              (no ring)

@: no status effects
A: no striking features
a: no special abilities


You were on level 2 of the Dungeon.
You were not hungry.

You visited 1 branch of the dungeon, and saw 2 of its levels.

You collected 104 gold pieces.

Inventory:

Hand Weapons
 g - a +0 short sword (weapon)
Armour
 a - a +0 robe (worn)
Jewellery
 i - a cursed ring of loudness {unknown}
 k - a +5 ring of dexterity {unknown}
Wands
 m - a wand of random effects (21/48)
Scrolls
 f - a scroll of teleportation {unknown}
 h - a scroll of fog {unknown}
 l - a scroll of amnesia {unknown}
 o - a scroll of recharging {unknown}
Potions
 d - 2 potions of magic {unknown}
 e - a potion of ambrosia {unknown}
 j - a potion of lignification {unknown}
 n - 2 potions of brilliance {unknown}
Books
 b - a book of Flames

   Spells                             Type                      Level
   a - Flame Tongue                   Conjuration/Fire             1
   b - Throw Flame                    Conjuration/Fire             2
   c - Conjure Flame                  Conjuration/Fire             3
   d - Inner Flame                    Hexes/Fire                   3
   e - Sticky Flame                   Conjuration/Fire             4
   f - Fireball                       Conjuration/Fire             5
Comestibles
 c - a bread ration


   Skills:
 - Level 2.4 Dodging
 - Level 2.4 Stealth
 + Level 4.1 Spellcasting
 + Level 2.0 Conjurations
 + Level 4.0 Fire Magic


You had 9 spell levels left.
You knew the following spells:

 Your Spells              Type           Power        Failure   Level  Hunger
a - Flame Tongue          Conj/Fire      ###..        3%          1    None


Dungeon Overview and Level Annotations

Branches:
Dungeon (2/15)

Altars:


Message History

Press: ? - help, Shift-Dir - straight line, f - orc
Aim: an orc, wielding a trident and wearing a shiny ring mail The flame tongue hits the orc.
The orc is severely wounded.
The orc closely misses you.
Casting: Flame Tongue
Confirm with . or Enter, or press ? or * to list all spells.
Aiming: Flame Tongue
Press: ? - help, Shift-Dir - straight line, f/p - orc
Aim: an orc, wielding a trident and wearing a shiny ring mail (severely wounded)
The flame tongue hits the orc.
The orc is heavily wounded.
You hear some strange, mumbled words.
A puff of flame appears from out of thin air!
The puff of flame hits you! The orc hits you but does no damage.
The orc closely misses you.
You hear some strange, mumbled words.
A magic dart appears from out of thin air!
The magic dart hits you!
You die...

##### ##..<## ##.....##
# #.......# #. #.......#
.###..#o@.....#
.............###########
###.###.(...............
#...........#####
#.......###..# ##.....##
##.# .# #.....# #.####
.# #.....# #....### .#
##.....# ####...#


You could see an orc.

Vanquished Creatures
  2 worms (D:2)
  3 dart slugs
  2 leopard geckos (D:1)
  3 giant cockroaches
  2 goblins
  4 hobgoblins
  2 jackals (D:2)
  A ball python (D:1)
  5 bats
  A frilled lizard (D:2)
  3 kobolds
  4 rats (D:2)
32 creatures vanquished.

Notes
Turn   | Place    | Note
-------+----------+-------------------------------------------
     0 | D:1      | AvylaarBelgium the Deep Elf Fire Elementalist began the quest for the Orb.
     0 | D:1      | Reached XP level 1. HP: 10/10 MP: 6/6
   211 | D:1      | Reached XP level 2. HP: 15/15 MP: 5/8
   903 | D:2      | Reached XP level 3. HP: 19/19 MP: 7/10
  1091 | D:2      | Killed from afar by an orc wizard

Vault maps used:
D:1:      dpeg_arrival_lava_altar

Skill      XL: |  1  2  3 |
---------------+----------+-----
Conjurations   | 2 |  2.0
Spellcasting   | 4 |  4.1
Fire Magic     | 4 |  4.0
Dodging        | |  2.4
Stealth        | |  2.4

Action                   || total
-------------------------++-------
Melee: Short sword       ||     5
 Cast: Flame Tongue      ||    58
Armor: Robe              ||     7
Dodge: Dodged            ||    31

Table legend:
 A = Spawn XP
 B = Non-spawn XP
 C = Spawn XP percentage of total XP
 D = Spawn monster count
 E = Non-spawn monster count
 F = Spawn count percentage of total count
 G = Total turns spent on level
                    A         B        C        D         E        F      G
               +---------+---------+-------+---------+---------+-------+---------
         Total |       0 |      67 |   0.0 |       0 |      32 |   0.0 |  1091
               +---------+---------+-------+---------+---------+-------+---------
           D:1 |       0 |      30 |   0.0 |       0 |      14 |   0.0 |   841
           D:2 |       0 |      37 |   0.0 |       0 |      18 |   0.0 |   250
               +---------+---------+-------+---------+---------+-------+---------
